 Dungeon Crawl Stone Soup version 0.30-a0-830-gfe289a77b0 (webtiles) character file.

Game seed: 15829999032006607049

56 Nacht the Digger (level 3, 0/24 HPs)
             Began as a Demonspawn Earth Elementalist on Feb 28, 2023.
             Slain by an orc wizard
             ... wielding a +2 dagger of freezing
              (3 damage)
             ... on level 3 of the Dungeon.
             The game lasted 00:01:25 (1738 turns).

Nacht the Digger (Demonspawn Earth Elementalist)    Turns: 1738, Time: 00:01:26

Health: 0/24       AC:  3    Str:  8    XL:     3   Next: 69%
Magic:  1/6        EV: 12    Int: 18    God:
Gold:   137        SH:  0    Dex: 13    Spells: 0/6 levels left

rFire   . . .      SeeInvis .    c - +0 dagger
rCold   . . .      Faith    .    (no shield)
rNeg    . . .      Spirit   .    a - +0 robe
rPois   .          Reflect  .    (no helmet)
rElec   .          Harm     .    (no cloak)
rCorr   .          Rampage  .    (no gloves)
Will    .....                    (no boots)
Stlth   ++                       (no amulet)
HPRegen 0.24/turn                (no ring)
MPRegen 0.10/turn                (no ring)

@: brilliant
A: sharp scales 1
a: no special abilities


You were on level 3 of the Dungeon.
You visited 1 branch of the dungeon, and saw 3 of its levels.

You collected 137 gold pieces.

Inventory:

Hand Weapons
 c - a +0 dagger (weapon)
Armour
 a - a +0 robe (worn)
Jewellery
 k - an amulet of regeneration
Scrolls
 f - a scroll of fog {unknown}
 g - a scroll of amnesia {unknown}
 h - 4 scrolls of identify {unknown}
 j - a scroll of magic mapping {unknown}
Potions
 d - 2 potions of heal wounds {unknown}
 e - a potion of attraction {unknown}
 i - 2 potions of curing {unknown}


   Skills:
 - Level 1.7 Dodging
 - Level 1.7 Stealth
 - Level 2.0 Spellcasting
 - Level 0.8 Transmutations
 + Level 4.3 Earth Magic


You couldn't memorise any spells.
You knew the following spells:

 Your Spells              Type           Power      Damage    Failure   Level
a - Sandblast             Erth           50%        2d12      3%          1
b - Stone Arrow           Conj/Erth      28%        3d8       22%         3
w - Passwall              Tmut/Erth      13%        N/A       10%         2

Your spell library contained the following spells:

 Spells                   Type           Power      Damage    Failure   Level
 Cigotuvi's Dreadful Rot  Necr/Pois/Air  4%         N/A       26%         2
 Poisonous Vapours        Pois/Air       4%         N/A       26%         2
 Mephitic Cloud           Conj/Pois/Air  2%         N/A       47%         3
 Petrify                  Tmut/Erth      16%        N/A       52%         4
 Freezing Cloud           Conj/Ice/Air   1%         6-21      99%         5
 Simulacrum               Ice/Necr       1%         N/A       100%        6
 Polar Vortex             Ice            1%         N/A       100%        9


Dungeon Overview and Level Annotations

Branches:
Dungeon (3/15)

Altars:


Innate Abilities, Weirdness & Mutations

You are partially covered in razor-sharp scales. (AC +1, Slay +1)


Message History

Aiming: Sandblast (safe; 3% risk of failure)
Press: ? - help, Shift-Dir - straight line, f/p - orc
Aim: an orc, wielding a +0 short sword and wearing a +0 scale mail (84% to hit)
The blast of sand hits the orc.
The orc is almost dead.
The orc wizard closely misses you. The orc hits you but does no damage.
The orc barely misses you.
The orc wizard hits you with a +2 dagger of freezing.
The orc wizard freezes you.
Casting: Sandblast (safe; 3% risk of failure)
Confirm with . or Enter, or press ? or * to list all spells.
Aiming: Sandblast (safe; 3% risk of failure)
Press: ? - help, Shift-Dir - straight line, f - orc wizard, p - orc
Aim: an orc wizard, wielding a +2 dagger of freezing and wearing a +0 robe (77% to hit)
The blast of sand hits the orc wizard.
The orc wizard is lightly wounded.
The orc hits you with a +0 short sword.
The orc wizard casts a spell.
The orc wizard flickers and vanishes!
Deactivating autopickup; reactivate with Ctrl-A.
Casting: Sandblast (safe; 3% risk of failure)
Confirm with . or Enter, or press ? or * to list all spells.
You don't have enough magic to cast this spell.
It was a potion of brilliance.
You feel clever all of a sudden. Something hits you. Something freezes you.
The orc hits you with a +0 short sword.
* * * LOW HITPOINT WARNING * * *
You hit the orc but do no damage.
The orc is almost dead.
Something hits you.
* * * LOW HITPOINT WARNING * * *
Something freezes you.
* * * LOW HITPOINT WARNING * * *
The orc hits you with a +0 short sword.
* * * LOW HITPOINT WARNING * * *
You hit the orc but do no damage.
The orc is almost dead.
Something hits you.
You die...

### .... ....# ##.
....). .#... #....###
..... #..{o##......#
###@........#
#.#.........#
#.#.........#
###...........#
#.............#
#.............#
#...........†.########
#........###.........#
#......##............#


You could see an orc.

Vanquished Creatures
  An adder (D:2)
  A worm (D:2)
  A dart slug (D:2)
  An orc (D:3)
  5 bats
  4 endoplasms
  2 giant cockroaches (D:1)
  3 goblins
  6 hobgoblins
  2 quokkas (D:1)
  3 ball pythons (D:2)
  A frilled lizard (D:1)
  3 kobolds (D:1)
  3 rats (D:1)
36 creatures vanquished.

Notes
Turn   | Place    | Note
-------+----------+-------------------------------------------
     0 | D:1      | Nacht the Demonspawn Earth Elementalist began the quest for
                  | the Orb.
     0 | D:1      | Reached XP level 1. HP: 13/13 MP: 3/3
   147 | D:1      | Reached skill level 3 in Earth Magic
   256 | D:1      | Gained mutation: You are partially covered in razor-sharp
                  | scales. (AC +1, Slay +1) [demonic ancestry]
   256 | D:1      | Reached XP level 2. HP: 14/19 MP: 3/5
   794 | D:2      | Found a faded altar of an unknown god.
   870 | D:2      | Reached XP level 3. HP: 21/24 MP: 6/6
  1041 | D:2      | Reached skill level 4 in Earth Magic
  1682 | D:3      | Learned a level 2 spell: Passwall
  1686 | D:3      | Learned a level 3 spell: Stone Arrow
  1738 | D:3      | Slain by an orc wizard

Illustrated notes

Levels and vault maps discovered:
D:1:      saegor_arrival_simple_d, layout_basic, grunt_decor_cap
D:2:      layout_basic, nicolae_ecumenical_pavilion
D:3:      layout_basic, uniq_grinder

Skill      XL: |  1  2  3 |
---------------+----------+-----
Earth Magic    | 3 4 |  4.3
Dodging        | |  1.7
Stealth        | |  1.7
Spellcasting   | |  2.0
Transmutations | |  0.8

Action                     || total
---------------------------++-------
  Melee: Dagger            ||    78
         Unarmed           ||     1
   Cast: Sandblast         ||    36
    Use: Potion            ||     2
   Stab: Sleeping          ||     4
 Armour: Robe              ||    38
  Dodge: Dodged            ||    81

Table legend: (Time is in decaauts)
 A = Elapsed time spent in this place.
 B = Non-inter-level travel time spent in this place.
 C = Inter-level travel time spent in this place.
 D = Time resting spent in this place.
 E = Time spent auto-exploring this place.
 F = Levels seen in this place.
 G = Mean time per level.
                   A        B        C        D        E       F      G
               +--------+--------+--------+--------+--------+-----+--------+
         Total |   1756 |   1727 |     29 |      0 |   1411 |   3 |  585.3 |
       Dungeon |   1756 |   1727 |     29 |      0 |   1411 |   3 |  585.3 |
               +--------+--------+--------+--------+--------+-----+--------+

Top non-repeatable levels by time:
     D:2: 848 daAuts
     D:1: 802 daAuts
     D:3: 105 daAuts
